AoeStats
← xr0015

Arabia

510132890Analyzed
1v1 RM · 2d ago on Sep 29, 2026· 86m 47s· 2 players
Game mode
Random Map
Map size
Tiny (2 player)
Population
200
Speed
Normal
Resources
Standard
Victory
Conquest
Starting age
Dark Age
Ending age
Imperial Age
RankedLock teamsTeams togetherTeam positionsShared explorationLock speedFull tech treeHidden civsTurbo modeCheats
Victory
Defeat
🇨🇦 Britons · Canada
966
+15
🇧🇷 Romans · Brazil
942
-15
xr0015
8:53 Feudal Age
7:41 Loom
10:51 Horse Collar
11:18 Man-at-Arms
16:19 Scale Mail Armor
22:13 Castle Age
22:37 Padded Archer Armor
22:41 Long Swordsman
23:38 Chain Mail Armor
26:22 Gold Mining
27:16 Scale Barding Armor
28:12 Fletching
36:21 Imperial Age
35:27 Forging
35:05 Town Watch
35:57 Wheelbarrow
35:35 Elite Skirmisher
36:13 Bodkin Arrow
38:02 Squires
43:27 Ballistics
45:08 Chemistry
44:06 Legionary
44:09 Pikeman
45:34 Leather Archer Armor
45:18 Double-Bit Axe
45:36 Heavy Plow
46:47 Murder Holes
49:54 Ring Archer Armor
49:39 Masonry
50:17 Halberdier
59:22 Iron Casting
65:05 Blast Furnace
66:31 Elite Centurion
67:43 Comitatenses
69:54 Gold Shaft Mining
69:11 Stone Mining
78:46 Capped Ram
River
6:22 Loom
9:35 Feudal Age
11:11 Double-Bit Axe
20:40 Castle Age
18:56 Fletching
19:12 Horse Collar
21:10 Padded Archer Armor
20:47 Crossbowman
22:02 Bodkin Arrow
24:41 Ballistics
28:40 Wheelbarrow
35:57 Hand Cart
36:26 Leather Archer Armor
41:36 Imperial Age
38:54 Town Watch
40:12 Yeomen
40:53 Bow Saw
40:46 Heavy Plow
42:44 Bracer
43:29 Arbalester
45:27 Elite Longbowman
50:22 Gold Mining
51:49 Ring Archer Armor
53:19 Warwolf
65:46 Chemistry
69:40 Gold Shaft Mining
82:28 Gold Shaft Mining
82:33 Siege Engineers
82:40 Masonry
83:59 Fervor
84:10 Sanctity
Connection lost

Rejoining the realm…

Still unreachable

The connection could not be restored.

Session expired

The server has moved on; the page needs a fresh start.